 Dungeon Sprint DCSS version 0.21.1-1-g345015f (webtiles) character file.

292 doot the Grappler (level 7, -7/79 HPs)
             Began as a Troll Berserker on June 12, 2018.
             Was a High Priest of Trog.
             Mangled by a five-headed hydra (11 damage)
             ... summoned by a witch
             ... in the Dungeon (Sprint VI: "Thunderdome").
             The game lasted 00:05:05 (659 turns).

doot the Grappler (Troll Berserker)                  Turns: 659, Time: 00:05:06

Health: -7/79      AC:  5    Str: 26    XL:     7   Next: 50%
Magic:  6/6        EV: 13    Int:  5    God:    Trog [*****.]
Gold:   183        SH:  0    Dex:  9    Spells: 6/6 levels left

rFire    + + .     SeeInvis .   r - +0 giant spiked club
rCold    + + +     Gourm    +   (shield currently unavailable)
rNeg     . . .     Faith    .   a - +0 animal skin
rPois    .         Spirit   .   (helmet restricted)
rElec    +         Reflect  +   (no cloak)
rCorr    .         Harm     .   (gloves unavailable)
MR       +....     NoTele   +   (boots unavailable)
Stlth    ++........             m - amulet of the Lobster {Reflect rElec rF+ SH+5}
HPRegen  0.63/turn              p - ring "Ymaull" {*Corrode rF+ MR+ Int+2}
MPRegen  0.10/turn              o - ring "Jyiskalu" {*Corrode +Fly rC+++ Str-2 Stlth+}

@: confused
A: large, unfitting armour, claws 3, fast metabolism 3, gourmand, regeneration
1, shaggy fur 1, tough skin 2
a: Berserk, Trog's Hand, Brothers in Arms, Burn Spellbooks, Renounce Religion,
Evoke Flight


You were in the Dungeon.
You worshipped Trog.
Trog was extremely pleased with you.
You were very hungry.

You visited 1 branch You collected 600 gold pieces.
You spent 417 gold pieces at shops.

Inventory:

Hand Weapons
 r - a +0 giant spiked club (weapon)
Armour
 a - a +0 animal skin (worn)
 q - a +0 troll leather armour
Jewellery
 m - the amulet of the Lobster (around neck) {Reflect rElec rF+ SH+5}
   (You bought it in a shop in the Dungeon)

   [amulet of reflection]

   It shields you and reflects attacks.
   It protects you from fire.
   It insulates you from electricity.
   It affects your SH (+5).
 n - the ring "Ziqolye" {Wiz rElec rC+++ Str-2 Stlth-}
   (You bought it in a shop in the Dungeon)

   [ring of wizardry]

   It improves your spell success rate.
   It affects your strength (-2).
   It renders you almost immune to cold.
   It insulates you from electricity.
   It makes you less stealthy.
 o - the ring "Jyiskalu" (right claw) {*Corrode +Fly rC+++ Str-2 Stlth+}
   (You bought it in a shop in the Dungeon)

   [ring of stealth]

   It affects your strength (-2).
   It renders you almost immune to cold.
   It lets you fly.
   It may corrode you when you take damage.
   It makes you more stealthy.
 p - the ring "Ymaull" (left claw) {*Corrode rF+ MR+ Int+2}
   (You bought it in a shop in the Dungeon)

   [ring of protection from magic]

   It affects your intelligence (+2).
   It protects you from fire.
   It affects your resistance to hostile enchantments.
   It may corrode you when you take damage.
Wands
 j - a wand of acid (5)
 k - a wand of iceblast (5)
Scrolls
 h - 4 scrolls of blinking
 l - 3 scrolls of fog
Potions
 c - a potion of curing
 d - 4 potions of heal wounds
 e - 4 potions of haste
 f - 2 potions of magic
 g - a potion of berserk rage
 i - a potion of resistance
Comestibles
 b - 2 rations


   Skills:
 - Level 7.7 Fighting
 - Level 7.6 Dodging
 - Level 0.6 Stealth
 - Level 11.4 Unarmed Combat


You had 6 spell levels left.
You didn't know any spells.

Dungeon Overview and Level Annotations

Branches:
Dungeon (1/1)

Altars:
Cheibriados
Dithmenos
Fedhas
Gozag
Kikubaaqudgha
Makhleb
Okawaru
Qazlal
Ru
Sif Muna
Trog
Uskayaw
Vehumet
Wu Jian
Xom
Yredelemnul
Zin
The Shining One
Beogh
Jiyva
Lugonu

Shops:
D *[%??*?*:[((!!!!


Innate Abilities, Weirdness & Mutations

You are too large for most types of armour.
You have claws for hands.
Your metabolism is lightning-fast.
You like to eat raw meat.
Your natural rate of healing is unusually fast.
You are covered in fur. (AC +1)
You have very tough skin. (AC +2)


Message History

Something hits you.
You hear some strange, mumbled words.
A four-headed hydra appears.
You miss something.
You are engulfed in noxious fumes.
You choke on the stench!
You are more confused.
The five-headed hydra barely misses you.
The five-headed hydra bites you. The five-headed hydra misses you. x2
The five-headed hydra bites you! Something hits you.
The five-headed hydra bites you!
The five-headed hydra barely misses you.
The five-headed hydra bites you! The five-headed hydra bites you.
The five-headed hydra bites you!
* * * LOW HITPOINT WARNING * * *
Unknown command.
Unknown command.
Something hits you.
* * * LOW HITPOINT WARNING * * *
The five-headed hydra bites you but does no damage.
The five-headed hydra bites you!
You die...

##.............###..........
#⌠..........###...###.......
#⌠..........# #.<.# #.......
#⌠.......)..###...###.÷.....
##.............###..).......
###∩........8.# #.8........
##∩___).....###.......__∩
######.8.........8.#####
#⌠@DD........⌠#
###{........### #........_#
#_......._# #........_#
#∩.......∩# ##∩.....∩##
##.....## ##⌠⌠⌠##


You could see a five-headed hydra and a four-headed hydra.

Vanquished Creatures
  3 floating eyes (D)
  Purgy (D)
  A wolf (D)
  2 hounds (D)
  5 jellies (D)
  3 gnolls (D)
  3 river rats (D)
  4 oozes (D)
  A rat (D)
23 creatures vanquished.

Notes
Turn   | Place    | Note
-------+----------+-------------------------------------------
     0 | D        | doot the Troll Berserker began the quest for the Orb.
     0 | D        | Reached XP level 1. HP: 22/22 MP: 0/0
     3 | D        | Found a burning altar of Makhleb.
     3 | D        | Found a radiant altar of Vehumet.
     4 | D        | Found an ancient bone altar of Kikubaaqudgha.
     4 | D        | Found a stormy altar of Qazlal.
     5 | D        | Found an ornate altar of the Wu Jian Council.
     5 | D        | Found a glowing silver altar of Zin.
     5 | D        | Round 1.
     6 | D        | Found Xuthrauk's Delicious Food.
     6 | D        | Found an opulent altar of Gozag.
     6 | D        | Found a deep blue altar of Sif Muna.
     6 | D        | Found Ajeox's Identification Station.
     7 | D        | Found Zirel's Jewellery.
     7 | D        | Found Hero's Advanced Armour.
    15 | D        | Bought an ancient amethyst amulet for 45 gold pieces
    15 | D        | Bought a translucent granite ring for 45 gold pieces
    15 | D        | Bought a faintly glowing golden ring for 45 gold pieces
    15 | D        | Identified the amulet of the Lobster {Reflect rElec rF+ SH+5} (You bought it in a shop in the Dungeon)
    16 | D        | Identified the ring "Ziqolye" {Wiz rElec rC+++ Str-2 Stlth-} (You bought it in a shop in the Dungeon)
    17 | D        | Identified the ring "Jyiskalu" {*Corrode +Fly rC+++ Str-2 Stlth+} (You bought it in a shop in the Dungeon)
    18 | D        | Bought a clouded tin ring for 45 gold pieces
    19 | D        | Identified the ring "Ymaull" {*Corrode rF+ MR+ Int+2} (You bought it in a shop in the Dungeon)
    21 | D        | Noticed Purgy
    24 | D        | Found an iron altar of Okawaru.
    26 | D        | Found Cisedoj's Premium Goods.
    28 | D        | Found a shadowy altar of Dithmenos.
    28 | D        | Found a basalt altar of Yredelemnul.
    28 | D        | Found a snail-covered altar of Cheibriados.
    28 | D        | Found Buxaqu's Weapon Rack.
    28 | D        | Found Jevi's Miscellaneous Merchandise.
    28 | D        | Found Gede's Basic Armour.
    33 | D        | Found a viscous altar of Jiyva.
    34 | D        | Found a roughly hewn altar of Beogh.
    43 | D        | Killed Purgy
    43 | D        | Reached skill level 6 in Unarmed Combat
    43 | D        | Reached XP level 2. HP: 23/33 MP: 1/1
    43 | D        | Reached XP level 3. HP: 28/40 MP: 2/2
    43 | D        | Reached XP level 4. HP: 35/49 MP: 3/3
    44 | D        | Found Vulampeeqe's Do-It-Yourself Clinic.
    45 | D        | Found Fangih's Bottled Wisdom.
    45 | D        | Found Yhifraun's Distillery.
    45 | D        | Found a glowing golden altar of the Shining One.
    45 | D        | Found a sacrificial altar of Ru.
    45 | D        | Found a bloodstained altar of Trog.
    45 | D        | Found Liphinoi's Distillery.
    49 | D        | Found a shimmering altar of Xom.
    50 | D        | Found a hide-covered altar of Uskayaw.
    51 | D        | Found a corrupted altar of Lugonu.
    52 | D        | Found Weneniy's Staff Store.
    53 | D        | Found a blossoming altar of Fedhas.
    53 | D        | Found Ycearut's Magic Scroll Shop.
    53 | D        | Found Ynup Xaph's Must-Have Magic.
    53 | D        | Found Yjoodad's Magic Scroll Shop.
    79 | D        | Reached ** piety under Trog
   169 | D        | Arena points: 12 (+12) [x2]
   169 | D        | Reached skill level 5 in Fighting
   169 | D        | Reached skill level 5 in Dodging
   222 | D        | Round 2.
   227 | D        | Reached skill level 7 in Unarmed Combat
   227 | D        | Reached XP level 5. HP: 52/57 MP: 4/4
   233 | D        | Reached *** piety under Trog
   269 | D        | Arena points: 48 (+36) [x3]
   295 | D        | Round 3.
   304 | D        | Reached **** piety under Trog
   304 | D        | Reached skill level 8 in Unarmed Combat
   318 | D        | Noticed a wolf
   324 | D        | Killed a wolf
   324 | D        | Reached skill level 9 in Unarmed Combat
   324 | D        | Reached XP level 6. HP: 68/68 MP: 5/5
   429 | D        | Arena points: 132 (+84) [x4]
   443 | D        | Bought a +0 troll leather armour for 180 gold pieces
   453 | D        | Round 4.
   472 | D        | Reached ***** piety under Trog
   521 | D        | Noticed a floating eye
   526 | D        | Killed a floating eye
   526 | D        | Reached skill level 10 in Unarmed Combat
   526 | D        | Reached XP level 7. HP: 78/78 MP: 6/6
   568 | D        | Paralysed by a floating eye for 2 turns
   574 | D        | Arena points: 292 (+160) [x5]
   574 | D        | Reached skill level 11 in Unarmed Combat
   599 | D        | Bought a +0 giant spiked club for 57 gold pieces
   643 | D        | Round 5.
   649 | D        | Noticed a witch
   656 | D        | Noticed a five-headed hydra
   658 | D        | Noticed a four-headed hydra
   659 | D        | Mangled by a five-headed hydra

Skill      XL: |  1  2  3  4  5  6  7 |
---------------+----------------------+-----
Fighting       | 4 5 6 7 |  7.7
Dodging        | 4 5 6 7 |  7.6
Unarmed Combat | 6 7 9 10 11 | 11.4
Stealth        | |  0.6

Action                   |  1- 3 |  4- 6 |  7- 9 || total
-------------------------+-------+-------+-------++-------
Melee: Unarmed           |     9 |    50 |     7 ||    66
       Punch             |     1 |     1 |       ||     2
       Giant spiked club |       |       |     7 ||     7
  Eat: Chunk             |       |     2 |       ||     2
Armor: Animal skin       |     5 |     3 |     5 ||    13
Dodge: Dodged            |     8 |    20 |     7 ||    35
Block: Other             |     3 |     5 |     2 ||    10
